 Dungeon Crawl Stone Soup version 0.23.2 (webtiles) character file.

Game seed: 14049556549208614495

120 Menchi the Skirmisher (level 5, -3/46 HPs)
             Began as a Ghoul Fighter on Apr 6, 2019.
             Killed from afar by a white imp (5 damage)
             ... with a puff of frost
             ... summoned by Natasha
             ... on level 2 of the Dungeon.
             The game lasted 00:03:48 (1029 turns).

Menchi the Skirmisher (Ghoul Fighter)               Turns: 1029, Time: 00:03:49

Health: -3/46      AC:  6    Str: 20    XL:     5   Next: 4%
Magic:  4/4        EV: 10    Int:  4    God:
Gold:   61         SH:  0    Dex:  8    Spells: 4/4 levels left

rFire    . . .     SeeInvis .   a - +0 long sword
rCold    + . .     Gourm    .   (no shield)
rNeg     + + +     Faith    .   b - +0 scale mail
rPois    ∞         Spirit   .   (no helmet)
rElec    .         Reflect  .   (no cloak)
rCorr    .         Harm     .   (no gloves)
MR       .....                  (no boots)
Stlth    ..........             (no amulet)
HPRegen  0.00/turn              j - ring of positive energy
MPRegen  0.09/turn              (no ring)

@: rotting
A: rotting body, claws 1, carnivore, cold resistance 1, negative energy
resistance 3, inhibited regeneration, torment resistance, unbreathing
a: no special abilities


You were on level 2 of the Dungeon.
You were not hungry.

You visited 1 branch of the dungeon, and saw 2 of its levels.

You collected 61 gold pieces.

Inventory:

Hand Weapons
 a - a +0 long sword (weapon)
Armour
 b - a +0 scale mail (worn)
Jewellery
 j - a ring of positive energy (left claw)
Scrolls
 c - a scroll of amnesia
 e - a scroll of identify
 i - 3 scrolls of immolation
Comestibles
 f - 4 rations


   Skills:
 * Level 4.1 Fighting
 * Level 3.3 Long Blades
 - Level 3.1 Armour
 * Level 1.2 Dodging
   Level 2.6 Shields


You had 4 spell levels left.
You didn't know any spells.
Your spell library was empty.

Dungeon Overview and Level Annotations

Branches:
Dungeon (2/15)

Altars:

Annotations:
D:2 Natasha


Innate Abilities, Weirdness & Mutations

Your body is rotting away.
You thrive on raw meat.
You are immune to poison.
You have sharp fingernails.
You are carnivorous and can eat meat at any time.
Your flesh is cold resistant. (rC+)
You are immune to negative energy. (rN+++)
You do not regenerate when monsters are visible.
You are immune to unholy pain and torment.
You can survive without breathing.


Message History

* * * LOW HITPOINT WARNING * * *
As you read the scroll labeled OMNURI TECRIY, it crumbles to dust.
You assume a fearsome visage.
Natasha looks frightened!
The crimson imp is unaffected.
The white imp is unaffected.
The goblin looks frightened!
The worm looks frightened!
It was a scroll of fear.
You are too injured to fight recklessly!
The white imp gestures at you. The puff of frost hits you. You resist.
* * * LOW HITPOINT WARNING * * *
The white imp gestures at you. The puff of frost hits you. You resist.
* * * LOW HITPOINT WARNING * * *
There are monsters nearby!
j - a ring of positive energy (left claw)
There are monsters nearby!
The crimson imp blinks!
The white imp gestures at you. The puff of frost hits you. You resist.
You die...

#..#..........# #..<###.###
...#..(........ ......#.# #.###
#.##........... #######.# #....
#..#h.........# #...###....
##.#.%w.......# ##.####.....
#.#......g...# #..# #.....
##............# ######.#####.)...
.........########....(....##.....
.(.......###....@.........##.....
..........5..####.....÷..........
....!....##### ##.....#####.....
.........# .....##### #.....
...........# ###### #.....
############ #..... #..... ##....
##...


You could see a white imp.

Vanquished Creatures
  Natasha (twice) (D:2)
  3 gnolls (D:2)
  An ooze (D:1)
  2 leopard geckos
  8 hobgoblins
  4 kobolds (D:1)
  2 quokkas (D:2)
  4 bats (D:2)
  3 frilled lizards
  6 goblins
  3 rats
38 creatures vanquished.

Notes
Turn   | Place    | Note
-------+----------+-------------------------------------------
     0 | D:1      | Menchi the Ghoul Fighter began the quest for the Orb.
     0 | D:1      | Reached XP level 1. HP: 19/19 MP: 0/0
    80 | D:1      | Reached XP level 2. HP: 20/26 MP: 1/1
   609 | D:2      | Noticed Natasha
   620 | D:2      | Killed Natasha
   620 | D:2      | Reached XP level 3. HP: 30/33 MP: 2/2
   863 | D:2      | Reached XP level 4. HP: 39/40 MP: 3/3
   912 | D:2      | Reached skill level 4 in Fighting
   912 | D:2      | Reached skill level 1 in Dodging
   963 | D:2      | Noticed Natasha
   970 | D:2      | Killed Natasha
   970 | D:2      | Reached XP level 5. HP: 30/46 MP: 4/4
  1011 | D:2      | Noticed Natasha
  1022 | D:2      | HP: 2/46 [white imp/puff of frost[Natasha] (3)]
  1029 | D:2      | Killed from afar by a white imp

Skill      XL: |  1  2  3  4 |
---------------+-------------+-----
Long Blades    | 2 3 |  3.3
Armour         | 3 |  3.1
Fighting       | 4 |  4.1
Dodging        | 1 |  1.2
Shields        | |  2.6

Action                   |  1- 3 |  4- 6 || total
-------------------------+-------+-------++-------
Melee: Long sword        |    67 |    49 ||   116
  Use: Scroll            |     3 |     3 ||     6
       Potion            |     2 |       ||     2
 Stab: Distracted        |     1 |       ||     1
  Eat: Chunk             |     4 |     9 ||    13
Armor: Scale mail        |    52 |    26 ||    78
Dodge: Dodged            |    42 |    37 ||    79
       Rpst.: Long sword |    15 |    12 ||    27
